Map: [ESL] Gresvan

Players

Geralt (Gerald) - Winner!

  • Race: Protoss Protoss
  • League: Grandmaster
  • Spawn Location: 5:00

Fjant

  • Race: Zerg Zerg
  • League: Grandmaster
  • Spawn Location: 11:00

Event: HomeStory Cup XXIII

VOD

Have the link to the VOD?

Description

Time

  • Played on: June 30, 2023, 3:17 p.m.
  • Length: 9:13

All games in this series

Show
View Real Time Build Order
Export as new Build Order

Geralt Protoss - Winner!

Build Orders: 1 Gate Expand 

Get SALT Encoding   

  12  0:00  Probe  
  13  0:12  Probe  
  14  0:20  Pylon  
  14  0:24  Probe  
  15  0:39  Probe (Chrono Boost)  
  15  0:41  Gateway  
  16  0:47  Probe (Chrono Boost)  
  17  0:51  Assimilator  
  17  0:53  Probe  
  18  1:05  Probe  
  19  1:17  Probe  
  20  1:26  Nexus  
  20  1:29  Probe  
  21  1:38  Cybernetics Core  
  21  1:42  Probe  
  21  1:46  Assimilator  
  22  1:54  Probe  
  22  1:56  Pylon  
  23  2:12  Adept (Chrono Boost)  
  23  2:14  Probe  
  26  2:18  Robotics Facility  
  26  2:27  Probe, Warp Gate  
  27  2:32  Stalker (Chrono Boost)  
  29  2:38  Probe  
  29  2:39  Probe  
  31  2:50  Probe  
  32  2:51  Probe  
  32  2:57  Gateway  
  35  3:03  Probe  
  34  3:05  Sentry  
  34  3:09  Probe  
  34  3:11  Immortal (Chrono Boost)  
  41  3:17  Probe  
  42  3:22  Probe  
  42  3:25  Gateway  
  43  3:29  Gateway  
  43  3:42  Warp Prism (Chrono Boost)  
  43  3:43  Gateway  
  43  3:46  Probe  
  43  3:48  Probe  
  45  3:52  Pylon  
  45  3:58  Forge  
  45  4:03  Gateway  
  45  4:07  Probe  
  46  4:14  Pylon  
  46  4:17  Adept x2  
  46  4:22  Probe, Pylon  
  46  4:23  Assimilator  
  51  4:32  Probe  
  52  4:45  Adept x5  
  62  4:52  Pylon  
  62  4:53  Pylon  
  62  5:10  Sentry x2  
  62  5:11  Adept x4  
  62  5:25  Immortal  
  62  5:26  Probe  
  67  5:28  Assimilator  
  67  5:35  Probe  
  68  5:37  Shield Battery  
  68  5:38  Pylon  
  68  5:39  Sentry  
  68  5:40  Zealot x3  
  74  5:57  Sentry  
  74  6:01  Probe (Chrono Boost)  
  74  6:03  Probe (Chrono Boost)  
  81  6:11  Immortal  
  81  6:13  Probe (Chrono Boost)  
  81  6:16  Probe (Chrono Boost)  
  80  6:21  Robotics Bay  
  80  6:23  Probe  
  79  6:27  Protoss Ground Weapons Level 1 (Chrono Boost)  
  79  6:28  Probe  
  80  6:36  Adept x2  
  80  6:39  Nexus, Pylon  
  84  6:44  Probe x2  
  84  6:55  Stalker  
  84  6:56  Stalker  
  84  6:59  Stalker  
  84  7:00  Stalker x2  
  92  7:14  Nexus, Disruptor (Chrono Boost)  
  92  7:15  Pylon  
  93  7:24  Probe  
  93  7:27  Pylon  
  94  7:33  Probe  
  94  7:34  Zealot x2  
  97  7:39  Probe  
  97  7:42  Disruptor  
  97  7:44  Nexus  
  98  7:50  Shield Battery  
  98  7:55  Probe x2  
  103  8:01  Stalker x3  
  103  8:05  Pylon, Twilight Council  
  109  8:08  Pylon  
  109  8:14  Probe  
  110  8:23  Probe  
  110  8:26  Probe  
  112  8:33  Stalker x2  
  112  8:34  Stalker x3  
  122  8:35  Probe  
  123  8:45  Zealot  
  111  8:57  Zealot x5  
  111  8:58  Probe  
Show
View Real Time Build Order
Export as new Build Order

Fjant Zerg 

Build Orders: Hatch First 

Get SALT Encoding   

  12  0:00  Drone  
  13  0:13  Overlord  
  13  0:17  Drone  
  14  0:31  Drone x2  
  16  0:49  Drone  
  17  0:52  Hatchery  
  17  0:54  Drone  
  17  0:57  Drone  
  18  1:05  Extractor  
  17  1:12  Spawning Pool  
  17  1:15  Drone  
  17  1:19  Drone  
  18  1:29  Drone  
  19  1:41  Drone  
  20  1:53  Overlord  
  20  2:00  Queen  
  22  2:05  Queen, Zergling x4  
  26  2:10  Metabolic Boost  
  26  2:15  Drone  
  26  2:17  Drone  
  26  2:22  Drone  
  29  2:30  Drone  
  29  2:33  Drone  
  31  2:42  Hatchery  
  30  2:45  Zergling x2  
  30  2:47  Drone  
  30  2:49  Drone  
  33  2:54  Overlord  
  33  2:59  Drone  
  34  3:05  Zergling x2  
  34  3:08  Drone  
  34  3:12  Queen x2  
  40  3:16  Drone x3  
  42  3:34  Drone x2  
  42  3:39  Overlord  
  44  3:48  Overlord  
  44  3:54  Spore Crawler  
  44  3:55  Overlord  
  43  3:56  Drone x6  
  43  3:59  Queen x2  
  53  4:04  Queen  
  53  4:08  Drone  
  57  4:10  Drone  
  57  4:13  Drone  
  57  4:16  Zergling x6  
  61  4:24  Zergling x2  
  62  4:28  Spore Crawler  
  62  4:30  Zergling x12  
  66  4:36  Zergling x2  
  67  4:38  Roach Warren  
  67  4:40  Zergling x4  
  68  4:52  Extractor  
  68  4:54  Drone x3  
  70  5:00  Zergling x6  
  70  5:09  Zergling x10  
  70  5:12  Zergling x2  
  72  5:14  Zergling x4  
  73  5:23  Overlord x2  
  73  5:24  Overlord  
  72  5:32  Overlord  
  70  5:37  Overlord  
  70  5:40  Overlord  
  68  5:43  Roach x8  
  68  5:46  Lair  
  74  6:04  Ravager  
  74  6:06  Zergling x8  
  74  6:11  Queen  
  78  6:15  Spawning Pool  
  79  6:34  Hatchery  
  78  6:41  Drone x2  
  80  6:54  Evolution Chamber  
  77  6:56  Drone x2  
  80  7:06  Roach Warren  
  80  7:07  Overlord  
  77  7:10  Overlord  
  76  7:16  Drone  
  76  7:17  Drone  
  76  7:18  Drone x5  
  83  7:24  Overlord  
  83  7:32  Drone x2  
  84  7:41  Drone  
  83  7:46  Glial Reconstitution  
  83  7:48  Zergling x10  
  84  7:58  Roach x3  
  84  8:05  Drone, Evolution Chamber  
  88  8:08  Drone x2, Hatchery  
  89  8:15  Extractor  
  89  8:16  Extractor  
  89  8:17  Drone  
  89  8:19  Ravager x2  
  90  8:21  Drone x2  
  90  8:23  Drone x3  
  90  8:26  Zergling x2  
  96  8:33  Roach  
  98  8:35  Zergling x8  
  103  8:41  Zergling x2  
  97  8:51  Zergling x2  
  97  8:52  Zergling x10  
Tags
 
Add a new tag
Caveats
  • Supply blocks, unpowered buildings, or Contaminate may cause inaccurate times.
  • Supply counts are checked every 10 seconds.